 Seeded DCSS version 0.32-a0-933-ga8fa3634e4 (webtiles) character file.

Game seed: 4279452743693619285 (custom seed)

277 bronco the Sneak (level 6, 0/25 (29) HPs)
             Began as a Spriggan Artificer on Apr 15, 2024.
             Slain by a weeping skull (4 damage)
             ... in an ossuary.
             The game lasted 00:13:06 (3540 turns).

bronco the Sneak (Spriggan Artificer)               Turns: 3540, Time: 00:13:07

HP:   0/25 (29)     AC:  1    Str:  7      XL:     6   Next: 4%
MP:   7/7           EV: 17    Int: 10 (11) God:
Gold: 210           SH:  0    Dex: 21 (22) Spells: 5/5 levels left

rFire   . . .        a - +0 sling
rCold   . . .        (no shield)
rNeg    . . .        m - +0 robe
rPois   .            f - +0 hat
rElec   .            (no cloak)
rCorr   .            (gloves unavailable)
SInv    +            (boots unavailable)
Will    +....        c - amulet of the acrobat
Stlth   +++          (no ring)
HPRegen 0.24/turn    (no ring)
MPRegen 0.10/turn

%: acrobat
@: heavily drained, very quick
A: very small, no large weapons, unfitting armour, see invisible, speed 3, agile
1, deformed body
a: no special abilities


You were in an ossuary.
You visited 1 branch of the dungeon, and saw 4 of its levels.
You also visited: Ossuary.

You collected 210 gold pieces.

Inventory:

Hand Weapons
 a - a +0 sling (weapon)
 b - a +0 dagger
 k - a +0 club
 o - a +0 falchion
Missiles
 n - 35 stones
Armour
 f - a +0 hat (worn)
 m - a +0 robe (worn)
Jewellery
 c - an amulet of the acrobat (around neck)
Wands
 d - a wand of charming (11)
 e - a wand of iceblast (2)
Scrolls
 h - a scroll of fear {unknown}
 i - a scroll of amnesia
 l - a scroll of revelation
Potions
 g - a potion of might
 j - a potion of curing
 p - a potion of haste {unknown}


   Skills:
 - Level 0.7 Fighting
 + Level 4.7 Ranged Weapons
 - Level 3.2 Dodging
 - Level 5.7 Stealth
 - Level 4.0 Evocations


You had 5 spell levels left.
You didn't know any spells.
Your spell library contained the following spells:

 Spells                   Type           Power      Damage    Failure   Level
 Scorch                   Fire           0%         2d5       50%         2
 Fugue of the Fallen      Necr           0%         N/A       75%         3
 Ozocubu's Armour         Ice            0%         N/A       75%         3
 Flame Wave               Conj/Fire      0%         2d4       98%         4
 Summon Cactus Giant      Summ           0%         N/A       100%        6
 Manifold Assault         Tloc           0%         N/A       100%        7


Dungeon Overview and Level Annotations

Branches:
Dungeon (4/15)            Ossuary (1/1)
 Temple: D:4-7

Altars:
Uskayaw

Shops:
D:2 (!*[


Innate Abilities, Weirdness & Mutations

You are very small and have problems with some larger weapons.
You are too small for most types of armour.
You have supernaturally acute eyesight. (SInv)
You cover ground extremely quickly. (Speed+++)
You are agile. (Dex +4, Str/Int -1)
Armour fits poorly on your strangely shaped body.


Message History

The weeping skull touches you!
You feel drained.
You shoot a sling bullet.
The sling bullet hits the weeping skull but does no damage.
The weeping skull is almost destroyed.
The weeping skull touches you.
You feel drained.
You shoot a sling bullet.
The sling bullet hits the weeping skull but does no damage.
The weeping skull is almost destroyed.
The weeping skull completely misses you.
The weeping skull closely misses you.
You shoot a sling bullet.
The sling bullet barely misses the weeping skull.
The weeping skull touches you!
You are too injured to fight recklessly!
You are too injured to fight recklessly!
You shoot a sling bullet.
The sling bullet hits the weeping skull but does no damage.
The weeping skull is almost destroyed.
The weeping skull barely misses you.
You shoot a sling bullet.
The sling bullet hits the weeping skull but does no damage.
The weeping skull is almost destroyed.
The weeping skull releases gushing sobs.
The wave of grief passes through you.
You shoot a sling bullet.
The sling bullet hits the weeping skull.
The weeping skull is almost destroyed.
The weeping skull closely misses you.
You shoot a sling bullet.
The sling bullet hits the weeping skull but does no damage.
The weeping skull is almost destroyed.
The weeping skull misses you.
You shoot a sling bullet.
The sling bullet hits the weeping skull.
The weeping skull is almost destroyed.
The weeping skull touches you!
* * * LOW HITPOINT WARNING * * *
You feel drained.
You die...
The weeping skull crumbles to pieces from sheer guilt.

#^#.°.°..⌠^...'.#.###
#...'○.z......'...#.#
#..###.○°....###..#.#
#Z''## ##°.°..##
##''.# ###. ##+#'##
#.### #. #..°# #^# ?!
##.## !?? .! #°z☼#
#?!.# ### #°@.# #####
#####


You could see a weeping skull.

Vanquished Creatures
  A gnoll bouda (D:3)
  A human zombie (Ossuary)
  A hound zombie (D:4)
  A mummy (Ossuary)
  3 adders
  4 gnolls
  A ribbon worm (D:2)
  An adder skeleton (D:4)
  2 dart slugs
  2 orcs (D:3)
  3 endoplasms
  3 giant cockroaches
  A gnoll zombie (Ossuary)
  6 hobgoblins
  3 quokkas
  11 ball pythons
  5 bats
  2 frilled lizards
  6 goblins
  5 kobolds
  A kobold zombie (Ossuary)
  16 rats
79 creatures vanquished.

Vanquished Creatures (collateral kills)
  A centaur zombie (Ossuary)
  A kobold zombie (Ossuary)
2 creatures vanquished.

Vanquished Creatures (others)
  A weeping skull (Ossuary)
1 creature vanquished.

Grand Total: 82 creatures vanquished

Notes
Turn   | Place    | Note
-------+----------+-------------------------------------------
     0 | D:1      | bronco the Spriggan Artificer began the quest for the Orb.
     0 | D:1      | Reached XP level 1. HP: 9/9 MP: 2/2
    18 | D:1      | Reached skill level 2 in Stealth
   231 | D:1      | Reached skill level 3 in Stealth
   364 | D:1      | Reached XP level 2. HP: 7/14 MP: 3/3
   494 | D:1      | Reached skill level 4 in Stealth
   867 | D:1      | Reached XP level 3. HP: 17/17 MP: 4/4
  1003 | D:1      | Reached skill level 5 in Stealth
  1072 | D:2      | Found Zoog's Armour Shoppe.
  1137 | D:2      | Found a faded altar of an unknown god.
  1160 | D:2      | Found Mututhirgh's Assorted Antiques.
  1384 | D:2      | Found Offeetogg's Distillery.
  1497 | D:2      | Reached skill level 1 in Ranged Weapons
  1571 | D:2      | Found Exkaeto's Weapon Boutique.
  1876 | D:3      | Found a hide-covered altar of Uskayaw.
  1931 | D:3      | Gained mutation: You are agile. (Dex +4, Str/Int -1)
                  | [potion of mutation]
  1931 | D:3      | Gained mutation: Armour fits poorly on your strangely
                  | shaped body. [potion of mutation]
  1990 | D:3      | Reached XP level 4. HP: 21/21 MP: 5/5
  2779 | D:3      | Reached XP level 5. HP: 25/25 MP: 6/6
  3095 | D:4      | Found a sand-covered staircase.
  3113 | Ossuary  | Entered an ossuary
  3308 | Ossuary  | Reached XP level 6. HP: 24/29 MP: 7/7
  3540 | Ossuary  | Slain by a weeping skull

Illustrated notes

Levels and vault maps discovered:
D:1:      ldierk_walled_garden, layout_loops_cross,
          chequers_serial_rivers_large_b, minmay_rat_gold_closets
D:2:      layout_rooms, serial_shops, shop, nicolae_shop_rolling_square,
          nicolae_shop_crystal, nicolae_shop_bloodbath_and_beyond,
          shapermc_ecumenical_altar_mp_vishouse
D:3:      layout_loops_ring, eat_drink_and_be_merry_uskayaw, chequers_arboretum,
          nicolae_grassy_gnolls
D:4:      layout_cave_pools, grunt_temple_overflow_diamond,
          mainiacjoe_ossuary_entry_find_the_door, corexii_checkpoint,
          uniq_crazy_yiuf_cottage, uniq_blork_the_orc, uniq_menkaure
Ossuary:  ossuary_crypta

Skill      XL: |  1  2  3  4  5 |
---------------+----------------+-----
Stealth        | 3 4 5 |  5.7
Ranged Weapons | 1 3 4 |  4.7
Fighting       | |  0.7
Dodging        | |  3.2
Evocations     | |  4.0

Action                     |  1- 3 |  4- 6 || total
---------------------------+-------+-------++-------
  Melee: Club              |    98 |       ||    98
   Fire: Sling             |   124 |   147 ||   271
  Evoke: Wand              |    18 |     4 ||    22
    Use: Potion            |     5 |     3 ||     8
         Scroll            |     3 |     2 ||     5
   Stab: Sleeping          |    13 |       ||    13
 Armour: Robe              |    64 |    30 ||    94
  Dodge: Dodged            |   180 |    53 ||   233

Table legend: (Time is in decaauts)
 A = Elapsed time spent in this place.
 B = Non-inter-level travel time spent in this place.
 C = Inter-level travel time spent in this place.
 D = Time resting spent in this place.
 E = Time spent auto-exploring this place.
 F = Levels seen in this place.
 G = Mean time per level.
                   A        B        C        D        E       F      G
               +--------+--------+--------+--------+--------+-----+--------+
         Total |   2820 |   2726 |     94 |    550 |   1277 |   5 |  564.0 |
       Dungeon |   2433 |   2339 |     94 |    361 |   1261 |   4 |  608.2 |
       Ossuary |    386 |    386 |      0 |    188 |     15 |   1 |  386.0 |
               +--------+--------+--------+--------+--------+-----+--------+

Top non-repeatable levels by time:
     D:3: 909 daAuts
     D:1: 879 daAuts
     D:2: 606 daAuts
 Ossuary: 386 daAuts
     D:4: 38 daAuts
